 Dungeon Crawl Stone Soup version 0.31.0 (webtiles) character file.

Game seed: 11167463419377680853

46 qw the Shooter (level 3, -5/22 HPs)
             Began as a Gargoyle Hunter on Jan 19, 2024.
             Killed from afar by Sigmund (9 damage)
             ... with a magic dart
             ... on level 3 of the Dungeon.
             The game lasted 00:00:07 (1947 turns).

qw the Shooter (Gargoyle Hunter)                    Turns: 1947, Time: 00:00:08

Health: -5/22      AC: 10    Str: 14    XL:     3   Next: 66%
Magic:  3/3        EV: 10    Int:  9    God:
Gold:   113        SH:  0    Dex: 15    Spells: 2/2 levels left

rFire   . . .        a - +0 shortbow
rCold   . . .        (shield currently unavailable)
rNeg    + . .        e - +0 ring mail
rPois   inf          (no helmet)
rElec   +            (no cloak)
rCorr   .            (no gloves)
SInv    .            c - +1 pair of boots
Will    .....        (no amulet) Stlth
                     (no ring)
HPRegen 0.23/turn    (no ring)
MPRegen 0.08/turn

%: no passive effects
@: confused
A: sickness immunity, AC +3, negative energy resistance 1, electricity
resistance, torment resistance 1, petrification resistance
a: no special abilities


You were on level 3 of the Dungeon.
You visited 1 branch of the dungeon, and saw 3 of its levels.

You collected 113 gold pieces.


Innate Abilities, Weirdness & Mutations

You are immune to sickness and miasma.
Your stone body is resilient. (AC +3)
You are immune to poison.
You resist negative energy. (rN+)
You are resistant to electric shocks. (rElec)
You are resistant to unholy torment.
You are immune to petrification.


   Skills:
 + Level 2.5 Fighting
 - Level 5.0 Ranged Weapons
 - Level 1.0 Armour
 - Level 1.5 Dodging
 - Level 1.1 Stealth


You had 2 spell levels left.
You didn't know any spells.
Your spell library was empty.

Inventory:

Hand Weapons
 a - a +0 shortbow (weapon)
Armour
 c - a +1 pair of boots (worn)
 e - a +0 ring mail (worn)
 j - a +0 cloak
Wands
 b - a wand of roots (8)
Scrolls
 h - 2 scrolls of identify
Potions
 f - 2 potions of curing
 g - a potion of might {unknown}
 i - a potion of enlightenment {unknown}

Dungeon Overview and Level Annotations

Branches:
Dungeon (3/15)

Altars:
Gozag
Yredelemnul

Shops:
D:2 [

Annotations:
D:3 1 runed translucent door, Sigmund; qw's ghost, amateur GrHu


Message History

You shoot an arrow. Something hits you!
You shoot an arrow.
Sigmund appears from thin air!
Reactivating autopickup.
Sigmund says, "Look into my eyes."
Sigmund hits you but does no damage.
You shoot an arrow. The arrow hits Sigmund!
Sigmund is severely wounded.
Sigmund points at you and mumbles some strange words.
You resist with significant effort.
You shoot an arrow. The arrow closely misses Sigmund.
Sigmund hits you from afar with a +0 scythe.
You shoot an arrow. The arrow hits Sigmund.
Sigmund is almost dead.
Sigmund hits you but does no damage.
You shoot an arrow. The arrow hits Sigmund.
Sigmund is almost dead.
Sigmund screams, "You will never...
NEVER!!!"
Sigmund gestures at you while chanting. You resist with significant effort.
You shoot an arrow.
The arrow hits Sigmund but does no damage.
Sigmund is almost dead.
Sigmund points at you and mumbles some strange words.
The puff of flame hits you!
You shoot an arrow.
The arrow hits Sigmund but does no damage.
Sigmund is almost dead.
Sigmund gestures wildly while chanting.
Sigmund flickers and vanishes!
Deactivating autopickup; reactivate with Ctrl-A.
1945 ||| FLEEEEING.
You hear some strange, mumbled words.
You are confused.
There is a stone staircase leading up here.
1947 ||| STAIRDANCE A magic dart appears from out of thin air!
The magic dart hits you!
You die...

##### ############ #...#
##..........##
#####.#.###........>...##
....{.#.................#
.####.####..............#
.'.[#.# #..............#
.#..#.# #...{..........#
.#+##.# #..............#
......#####.....@......########
.#'##.#...............##......#
.#..#.#######....#######..[...#
.#..#.# ##.......#####......#
.####.# #...####............#
......# ##..## #######......#
####### ##...# ########......#
#....# ##..%..........#
##.#.####..####^####...#


There were no monsters in sight!

Vanquished Creatures
  A dart slug (D:1)
  4 ball pythons (D:1)
  2 bats
  3 endoplasms
  3 giant cockroaches
  5 goblins
  5 hobgoblins
  3 quokkas
  7 frilled lizards
  3 kobolds
  5 rats
41 creatures vanquished.

Notes
Turn   | Place    | Note
-------+----------+-------------------------------------------
     0 | D:1      | qw the Gargoyle Hunter began the quest for the Orb.
     0 | D:1      | Reached XP level 1. HP: 12/12 MP: 1/1
     0 | D:1      | 0 ||| qw: Version: 0.3-a-132-g3d54051
     0 | D:1      | 0 ||| qw: Game counter: 254
     0 | D:1      | 0 ||| qw: Melee chars always use a shield: true
     0 | D:1      | 0 ||| qw: God list: Okawaru
     0 | D:1      | 0 ||| qw: Allow faded altars: false
     0 | D:1      | 0 ||| qw: Do Orc after clearing Dungeon:15 true
     0 | D:1      | 0 ||| qw: Do second Lair branch before Depths: true
     0 | D:1      | 0 ||| qw: Lair rune preference: random
     0 | D:1      | 0 ||| qw: Goals: Normal
     0 | D:1      | 0 ||| PLANNING D:1-11
   131 | D:1      | Reached XP level 2. HP: 17/17 MP: 2/2
   318 | D:1      | Reached XP level 3. HP: 21/21 MP: 3/3
   385 | D:1      | Reached skill level 5 in Ranged Weapons
   596 | D:1      | 596 ||| UPGRADING to +0 ring mail.
   606 | D:1      | 606 ||| DROPPING +0 leather armour.
   607 | D:1      | 607 ||| READING scroll labelled ECRETIUTYO.
   607 | D:1      | 607 ||| IDENTIFYING viscous pink potion
   608 | D:1      | 608 ||| READING scroll labelled ZEQ KUTRIUH.
   709 | D:1      | 709 ||| READING scroll labelled SAITZA QIFYSI.
   713 | D:1      | 713 ||| READING 2 scrolls labelled GINUICI YVOT.
   814 | D:1      | 814 ||| DROPPING scroll of butterflies.
   815 | D:1      | 815 ||| DROPPING scroll of vulnerability.
   840 | D:2      | Found Xeurebra's Antique Armour Emporium.
  1201 | D:2      | Reached skill level 1 in Armour
  1213 | D:2      | Found a basalt altar of Yredelemnul.
  1365 | D:2      | 1365 ||| UPGRADING to +1 pair of boots.
  1370 | D:2      | 1370 ||| READING scroll of identify.
  1370 | D:2      | 1370 ||| IDENTIFYING murky silvery potion
  1371 | D:2      | 1371 ||| READING scroll labelled TEISOI WONOC.
  1372 | D:2      | 1372 ||| DROPPING potion of brilliance.
  1416 | D:3      | Found a faded altar of an unknown god.
  1534 | D:3      | Found a runed translucent door.
  1537 | D:3      | Noticed qw's ghost (amateur GrHu)
  1612 | D:3      | Found an opulent altar of Gozag.
  1744 | D:3      | Noticed Sigmund
  1750 | D:3      | 1750 ||| FLEEEEING.
  1761 | D:3      | 1761 ||| FLEEEEING.
  1772 | D:3      | 1772 ||| FLEEEEING.
  1772 | D:3      | HP: 4/22 [something (2)]
  1774 | D:3      | 1774 ||| READING scroll of teleportation.
  1906 | D:3      | 1906 ||| FLEEEEING.
  1907 | D:3      | 1907 ||| FLEEEEING.
  1908 | D:3      | 1908 ||| FLEEEEING.
  1909 | D:3      | 1909 ||| FLEEEEING.
  1910 | D:3      | 1910 ||| FLEEEEING.
  1928 | D:3      | 1928 ||| FLEEEEING.
  1943 | D:3      | HP: 3/22 [Sigmund/puff of flame (9)]
  1945 | D:3      | 1945 ||| FLEEEEING.
  1947 | D:3      | 1947 ||| STAIRDANCE
  1947 | D:3      | Killed from afar by Sigmund

Levels and vault maps discovered:
D:1:      lightli_iron_boxes, layout_basic
D:2:      layout_basic, serial_shops, nicolae_shop_overgrown_old_shop,
          basic_altar, minmay_misc_feat_iff, chequers_serial_rivers_small_a,
          minmay_lizard_king
D:3:      minmay_door_path, layout_rooms, lemuel_tele_altar,
          gammafunk_ghost_grave, hellmonk_ecumenical_altar_arch_garden,
          uniq_sigmund

Skill      XL: |  1  2  3 |
---------------+----------+-----
Ranged Weapons | 5 |  5.0
Armour         | 1 |  1.0
Fighting       | |  2.5
Dodging        | |  1.5
Stealth        | |  1.1

Action                     || total
---------------------------++-------
   Fire: Shortbow          ||   113
    Use: Scroll            ||     7
 Armour: Ring mail         ||    28
         Leather armour    ||     1
  Dodge: Dodged            ||     9

Table legend:
 A = Non-vault XP
 B = Vault XP
 C = Vault XP percentage of total XP
 D = Non-vault monster count
 E = Vault monster count
 F = Vault count percentage of total count
                 A         B        C        D         E       F
            +---------+---------+-------+---------+---------+-------
      Total |      57 |       9 |  13.6 |      33 |       8 |  19.5
            +---------+---------+-------+---------+---------+-------
        D:1 |      41 |       0 |   0.0 |      23 |       0 |   0.0
        D:2 |      10 |       5 |  33.3 |       7 |       5 |  41.7
        D:3 |       6 |       4 |  40.0 |       3 |       3 |  50.0
            +---------+---------+-------+---------+---------+-------
